[Event "Team 45 45 League T58"]
[Site "Internet Chess Club"]
[Date "2013.09.15"]
[Round "4"]
[White "supermessi"]
[Black "Check101"]
[Result "0-1"]
[WhiteElo "1531"]
[BlackElo "1543"]
[Opening "King's Indian: orthodox, 7...Nbd7"]
[ECO "E94"]
[Time "12:04:04"]
[TimeControl "2700+45"]

1. d4 Nf6 2. c4 g6 3. Nc3 Bg7 4. e4 d6 5. Nf3 O-O 6. Be2 e5 7. O-O Nbd7 8. h3 h6
9. Be3 exd4 10. Nxd4 Re8 11. f3 c6 12. Qd2 h5 13. Rad1 d5 14. cxd5 cxd5 15. Nxd5
Nxd5 16. exd5 Nb6 17. Nc2 Bf5 18. Bg5 Qc7 19. Ne3 Bxh3 20. d6 Qc5 21. Be7 Bd7
22. Rc1 Qe5 23. b3 Nc8 24. Rc7 Nxe7 25. Rxd7 Nc6 26. Kf2 Bh6 27. Qd5 Bxe3+ 28.
Ke1 Qxd5 {White resigns} 0-1

[Event "Team 45 45 League T58"]
[Site "Internet Chess Club"]
[Date "2013.09.16"]
[Round "4"]
[White "PaulRichard"]
[Black "Zyme"]
[Result "0-1"]
[WhiteElo "1517"]
[BlackElo "1409"]
[Opening "French: Winawer, advance, Bogolyubov variation"]
[ECO "C17"]
[Time "21:00:53"]
[TimeControl "2700+45"]

1. e4 e6 2. d4 d5 3. Nc3 Bb4 4. e5 c5 5. Bd2 cxd4 6. Nb5 Bc5 7. Qg4 g6 8. b4 Bb6
9. Nxd4 Nd7 10. Bb5 Ne7 11. Bg5 O-O 12. Bxd7 Qxd7 13. Bh6 Re8 14. Qf4 Nf5 15.
Nxf5 exf5 16. Qg3 Qc7 17. O-O-O Be6 18. f4 Rac8 19. Qd3 Qc4 20. Qxc4 Rxc4 21. a3
Rec8 22. Kb1 Rxc2 23. g3 d4 24. Nf3 R8c4 25. Nxd4 Rf2 26. Nxe6 fxe6 27. Rd7 Rcc2
28. Rg7+ Kh8 29. Rf7 Rb2+ 30. Ka1 Ra2+ 31. Kb1 Rfb2+ 32. Kc1 Be3+ {White
resigns} 0-1

[Event "Team 45 45 League T58"]
[Site "Internet Chess Club"]
[Date "2013.09.15"]
[Round "4"]
[White "AlPearson"]
[Black "seattleblues"]
[Result "0-1"]
[WhiteElo "1383"]
[BlackElo "1524"]
[Opening "Nimzo-Indian: classical, Milner-Barry (Zurich) variation"]
[ECO "E33"]
[Time "19:34:56"]
[TimeControl "2700+45"]

1. d4 Nf6 2. c4 e6 3. Nc3 Bb4 4. Qc2 Nc6 5. Nf3 d6 6. Bg5 h6 7. Bh4 e5 8. dxe5
Nxe5 9. Nxe5 dxe5 10. Rd1 Qe7 11. e3 Bxc3+ 12. Qxc3 Ne4 13. Bxe7 Nxc3 14. bxc3
Kxe7 15. c5 Be6 16. a3 Rhd8 17. Rb1 Rab8 18. Be2 Rd5 19. Bf3 Rxc5 20. Rxb7 Rxb7
21. Bxb7 Rxc3 22. Kd2 Rxa3 23. Rc1 Ra2+ 24. Ke1 Kf6 25. Rxc7 Ra1+ 26. Kd2 Ra2+
27. Ke1 Ra4 28. Bc8 Rc4 29. Rxc4 Bxc4 30. Bb7 Ke7 31. Kd2 Kd6 32. g3 Kc5 33. Kc3
f6 34. h4 a5 35. Kb2 Bd5 36. Bc8 Bf3 37. Bd7 Kb4 38. Be6 a4 39. Ka2 Kc3 40. Kb1
Kd2 41. Kb2 Ke1 42. Kc3 Kxf2 43. Kd2 Kxg3 44. Ke1 Kxh4 45. Kf2 Bg4 46. Bd5 Bd1
47. Kg2 Bb3 48. e4 Kg4 49. Kf2 Kf4 50. Ke2 Bc2 51. Kd2 Bxe4 52. Bxe4 Kxe4 53.
Ke2 a3 54. Kd2 a2 55. Kc3 a1=Q+ 56. Kc4 g5 57. Kc5 g4 58. Kd6 g3 59. Ke6 g2 60.
Kxf6 g1=Q 61. Ke6 Qg6+ 62. Ke7 Qa7+ 63. Kf8 Qaf7# {White checkmated} 0-1

[Event "Team 45 45 League T58"]
[Site "Internet Chess Club"]
[Date "2013.09.16"]
[Round "4"]
[White "akshayk06"]
[Black "chuckh2"]
[Result "0-1"]
[WhiteElo "1478"]
[BlackElo "1315"]
[Opening "French: exchange variation"]
[ECO "C01"]
[Time "13:00:18"]
[TimeControl "2700+45"]

1. e4 e6 2. d4 d5 3. exd5 exd5 4. Nf3 Nf6 5. Bg5 Be7 6. h3 Bf5 7. Bd3 Bxd3 8.
Qxd3 Ne4 9. Bxe7 Qxe7 10. O-O O-O 11. Qb5 c6 12. Qb3 Qc7 13. Nc3 Kh8 14. Nxe4
dxe4 15. Ng5 a5 16. Nxe4 Nd7 17. Rfe1 b5 18. Qd3 Rae8 19. d5 Ne5 20. Qc3 Qb6 21.
Nd6 b4 22. Qxc6 Nxc6 23. Rxe8 Rxe8 24. Nxe8 Ne5 25. Re1 f6 26. Kh1 Qxf2 {White
resigns} 0-1

[Event "Team 45 45 League T58"]
[Site "Internet Chess Club"]
[Date "2013.09.17"]
[Round "4"]
[White "cBishop"]
[Black "knightstormala"]
[Result "0-1"]
[WhiteElo "1677"]
[BlackElo "1767"]
[Opening "King's Indian: Sämisch, 5...O-O"]
[ECO "E81"]
[Time "10:17:10"]
[TimeControl "2700+45"]

1. d4 Nf6 2. c4 g6 3. Nc3 Bg7 4. e4 d6 5. f3 O-O 6. Bd3 Nc6 7. Nge2 e5 8. d5 Ne7
9. Be3 Ne8 10. O-O f5 11. b4 f4 12. Bf2 g5 13. a4 h5 14. a5 a6 15. Na4 Bd7 16.
Qb3 Bxa4 17. Rxa4 Ng6 18. b5 g4 19. c5 dxc5 20. Bxc5 Nd6 21. b6 cxb6 22. Qxb6
Qxb6 23. Bxb6 Rfc8 24. Kf2 Nf8 25. Rb1 Nd7 26. Ke1 Nxb6 27. Rxb6 Bf8 28. Kd2 Kf7
29. Nc3 Ke7 30. Rb1 Kd7 31. Be2 g3 32. hxg3 fxg3 33. Rh1 Bh6+ 34. Kd3 Bf4 35.
Rxh5 Rh8 36. Rxh8 Rxh8 37. Ra1 Rh2 38. Bf1 Rh8 39. Na4 Rh6 40. Nc5+ Ke7 41. Rb1
Rh1 42. Ke2 Nb5 43. Nxb7 Nc3+ 44. Ke1 Nxb1 45. Nc5 Na3 46. Nxa6 Nc4 47. Nb4 Nxa5
48. Nd3 Nc4 49. Nxf4 exf4 50. Ke2 Ne3 {White resigns} 0-1

[Event "Team 45 45 League T58"]
[Site "Internet Chess Club"]
[Date "2013.09.16"]
[Round "4"]
[White "Bryant-L"]
[Black "cepheid"]
[Result "1-0"]
[WhiteElo "1622"]
[BlackElo "1604"]
[Opening "Nimzo-Indian defense"]
[ECO "E20"]
[Time "20:00:05"]
[TimeControl "2700+45"]

1. d4 Nf6 2. c4 e6 3. Nc3 Bb4 4. Bd2 Nc6 5. Nf3 O-O 6. a3 Bxc3 7. Bxc3 Ne4 8.
Qc2 Nxc3 9. Qxc3 d6 10. e3 Qf6 11. Bd3 e5 12. d5 Ne7 13. Qc2 Bf5 14. e4 Bg4 15.
Be2 Ng6 16. h3 Bd7 17. g3 Qd8 18. Bd3 Qc8 19. h4 f5 20. Ng5 h6 21. exf5 Bxf5 22.
Ne4 Ne7 23. f3 Qe8 24. g4 Bxe4 25. Bxe4 Rf6 26. Qb3 b6 27. g5 hxg5 28. hxg5 Rf4
29. Qc2 Qf7 30. Qh2 Kf8 31. Qh8+ Ng8 32. Ke2 Rxe4+ 33. fxe4 Qg6 34. Raf1+ Ke7
35. Rf5 Rf8 36. Rhf1 Nf6 37. gxf6+ gxf6 38. Qh5 Qg2+ 39. Kd3 Qxb2 40. Qh7+ Rf7
41. Qh4 Kd7 42. Rxf6 Qd4+ 43. Ke2 Qxc4+ 44. Kf2 Rg7 45. Qh3+ Kd8 46. Rf8+ Ke7
47. Qe6+ Kxf8 48. Ke1+ Qxf1+ 49. Kxf1 Rf7+ 50. Ke2 b5 51. Qc8+ Kg7 52. Qb8 a6
53. Qa7 b4 54. axb4 c5 55. Qxa6 cxb4 56. Qxd6 {Black resigns} 1-0

[Event "Team 45 45 League T58"]
[Site "Internet Chess Club"]
[Date "2013.09.15"]
[Round "4"]
[White "Gilguli"]
[Black "monkhammer"]
[Result "0-1"]
[WhiteElo "1393"]
[BlackElo "1672"]
[Opening "Queen's pawn game, Darooha variation "]
[ECO "D02"]
[Time "15:00:39"]
[TimeControl "2700+45"]

1. d4 d5 2. Nf3 Nf6 3. c4 e6 4. cxd5 exd5 5. Nc3 c6 6. Bf4 Bd6 7. Bg5 h6 8. Bh4
Bf5 9. Qb3 b6 10. e3 Nbd7 11. Be2 O-O 12. O-O Qc7 13. Rac1 Rfe8 14. Nb5 Qb8 15.
Nxd6 Qxd6 16. Bg3 Qe7 17. Rxc6 Rac8 18. Rfc1 Nf8 19. Rc7 Qe4 20. Bd3 Rxc7 21.
Rxc7 Qxd3 22. Qxd3 Bxd3 23. Ne5 Bf5 24. Rxa7 Rc8 25. h3 Be6 26. Rb7 N8d7 27. Bh4
Nxe5 28. dxe5 Nd7 29. Be7 Rc1+ 30. Kh2 Rc2 31. b4 Rxa2 32. Kg3 Rb2 33. Bd6 Kh7
34. f4 Kg6 35. Kf3 Bf5 36. g4 Be4+ 37. Kg3 Nxe5 38. fxe5 Rg2+ 39. Kh4 Re2 40.
Rxb6 Kh7 41. Bc5 g5+ {White resigns} 0-1

[Event "Team 45 45 League T58"]
[Site "Internet Chess Club"]
[Date "2013.09.15"]
[Round "4"]
[White "OneDirection"]
[Black "burnsy"]
[Result "0-1"]
[WhiteElo "1481"]
[BlackElo "1508"]
[Opening "Grünfeld: exchange, classical variation"]
[ECO "D86"]
[Time "19:04:48"]
[TimeControl "2700+45"]

1. d4 Nf6 2. c4 g6 3. Nc3 d5 4. cxd5 Nxd5 5. e4 Nxc3 6. bxc3 Bg7 7. Bc4 O-O 8.
Ne2 Nd7 9. O-O Nb6 10. Bd3 Bd7 11. Be3 c6 12. Rb1 Qc7 13. Bf4 e5 14. Bg3 Rfe8
15. Qb3 Be6 16. Qc2 Nc4 17. Rb4 b5 18. a4 Bf8 19. Rbb1 Na3 20. Qb2 Nxb1 21. Rxb1
bxa4 22. Bxe5 Bd6 23. Bxd6 Qxd6 24. Ra1 Rab8 25. Qc1 Bb3 26. Qg5 Qe7 27. Qxe7
Rxe7 28. Nc1 Rd7 29. Rb1 Rdb7 30. Ra1 Rd7 31. Na2 Bxa2 32. Rxa2 Rdb7 33. Kf1 Rb3
34. Rxa4 Rxc3 35. Ke2 Rb2+ 36. Ke3 Rbb3 37. Rxa7 Rxd3+ 38. Kf4 Rxd4 39. Rc7 Rc3
40. Ke5 Rd2 41. f3 Kg7 42. g4 Rxh2 43. f4 Rd2 44. Rc8 Rc5# {White checkmated}
0-1

[Event "Team 45 45 League T58"]
[Site "Internet Chess Club"]
[Date "2013.09.12"]
[Round "4"]
[White "rayfincle"]
[Black "pereelcoix"]
[Result "1/2-1/2"]
[WhiteElo "1472"]
[BlackElo "1606"]
[Opening "Queen's pawn: London system"]
[ECO "A45"]
[Time "13:00:50"]
[TimeControl "2700+45"]

1. d4 Nf6 2. Bf4 d5 3. e3 c5 4. c3 Nc6 5. h3 Bf5 6. Bd3 Bxd3 7. Qxd3 c4 8. Qe2
e6 9. Nf3 Be7 10. Nbd2 O-O 11. O-O Qb6 12. Rab1 h6 13. e4 dxe4 14. Nxe4 Nxe4 15.
Qxe4 Qa5 16. a3 Qd5 17. Rfe1 Rfd8 18. Ne5 Nxe5 19. Bxe5 Qxe4 20. Rxe4 Rac8 21.
Rbe1 b5 22. R1e3 Bg5 23. Rg3 f5 24. Re2 Kf7 25. h4 Bf6 26. h5 Bxe5 27. Rxe5 Rd5
28. f4 Rxe5 29. fxe5 a5 30. Rf3 Rg8 31. Kf1 g6 32. g4 Kg7 33. hxg6 fxg4 34. Rf6
Re8 35. Kg2 h5 36. Kg3 Kh6 37. Kh4 a4 38. g7+ Kxg7 39. Kxh5 g3 40. Rg6+ Kf7 41.
Rxg3 Rh8+ 42. Kg5 Rh2 43. Rf3+ Ke7 44. Kg6 Rg2+ 45. Kh6 Rxb2 46. Kg7 Rg2+ 47.
Kh6 Ra2 48. Kg7 Rxa3 49. Rf7+ Kd8 50. Kf6 Rxc3 51. Kxe6 Kc8 52. Kd6 Rd3 53. d5
a3 54. e6 Re3 55. Kc6 Kd8 56. d6 Rxe6 57. Rb7 Kc8 58. Ra7 Kb8 59. Rxa3 Rf6 60.
Kxb5 Rxd6 61. Kxc4 {Game drawn by mutual agreement} 1/2-1/2

[Event "Team 45 45 League T58"]
[Site "Internet Chess Club"]
[Date "2013.09.16"]
[Round "4"]
[White "Andressa"]
[Black "Berke"]
[Result "1-0"]
[WhiteElo "1488"]
[BlackElo "1493"]
[Opening "Four knights: Italian variation"]
[ECO "C55"]
[Time "18:00:57"]
[TimeControl "2700+45"]

1. e4 e5 2. Nf3 Nc6 3. Bc4 Nf6 4. Nc3 d6 5. d3 Bg4 6. h3 Bh5 7. Bg5 Be7 8. O-O
Nd4 9. g4 Bg6 10. Nh4 c6 11. Ne2 Nd7 12. Bxe7 Qxe7 13. Nf5 Bxf5 14. exf5 Qh4 15.
Kg2 O-O 16. Nxd4 exd4 17. Re1 Rae8 18. Qf3 Ne5 19. Qf4 Nxc4 20. dxc4 Qf6 21. g5
{Black resigns} 1-0

[Event "Team 45 45 League T58"]
[Site "Internet Chess Club"]
[Date "2013.09.12"]
[Round "4"]
[White "sonoftill"]
[Black "Froggy"]
[Result "1/2-1/2"]
[WhiteElo "2206"]
[BlackElo "2203"]
[Opening "Modern defense"]
[ECO "A40"]
[Time "14:02:39"]
[TimeControl "2700+45"]

1. d4 g6 2. Bf4 Bg7 3. Nf3 d6 4. e3 Nd7 5. h3 e5 6. dxe5 dxe5 7. Bh2 e4 8. Nd4
Be5 9. Bxe5 Nxe5 10. Nc3 Nf6 11. Bb5+ c6 12. Be2 O-O 13. Qd2 Qe7 14. O-O-O Rd8
15. f4 exf3 16. gxf3 Be6 17. Qe1 c5 18. Nxe6 Qxe6 19. Qf2 Rxd1+ 20. Rxd1 Qxh3
21. e4 b6 22. f4 Nc6 23. Bf3 Nd4 24. Bg2 Ng4 25. Qxd4 Qxg2 26. Qd3 Nf6 27. e5
Ne8 28. Ne4 Qh2 29. Qe3 Qh4 30. Qf3 Rc8 31. Rh1 Qe7 32. Ng5 h5 33. Rg1 Ng7 34.
Ne4 Kf8 35. Nf6 Rd8 36. Qg3 Nf5 37. Qg5 Qe6 38. Nh7+ Ke8 39. Nf6+ Kf8 40. b3 Rd4
41. Nh7+ Ke8 42. Nf6+ Kf8 43. Nh7+ {Game drawn by mutual agreement} 1/2-1/2

[Event "Team 45 45 League T58"]
[Site "Internet Chess Club"]
[Date "2013.09.15"]
[Round "4"]
[White "Goli"]
[Black "SlimeDog2"]
[Result "0-1"]
[WhiteElo "1707"]
[BlackElo "2042"]
[Opening "Ruy Lopez: exchange variation"]
[ECO "C68"]
[Time "15:00:26"]
[TimeControl "2700+45"]

1. e4 e5 2. Nf3 Nc6 3. Bb5 a6 4. Bxc6 dxc6 5. h3 f6 6. O-O c5 7. Re1 Ne7 8. c3
Nc6 9. Na3 Be6 10. Nc2 Qd7 11. d4 cxd4 12. cxd4 exd4 13. Ncxd4 O-O-O 14. Be3 Bb4
15. Re2 Rhe8 16. Qc2 Nxd4 17. Nxd4 Bf7 18. a3 Bf8 19. Rc1 Bg6 20. f3 Bd6 21. Nb3
f5 22. Nc5 Qf7 23. Bg5 fxe4 24. Nxe4 Bxe4 25. Rxe4 Rxe4 26. Qxe4 Re8 27. Qxh7
Qd5 28. Qg6 Qd4+ 29. Kh1 Re2 30. Rf1 Kb8 31. Bc1 Qf2 32. Rg1 Bg3 33. Qxg7 Re1
34. Qh8+ Ka7 {White resigns} 0-1

[Event "Team 45 45 League T58"]
[Site "Internet Chess Club"]
[Date "2013.09.12"]
[Round "4"]
[White "cysk"]
[Black "CogitoErgoSum"]
[Result "1/2-1/2"]
[WhiteElo "1797"]
[BlackElo "1867"]
[Opening "Sicilian: closed, 2...Nc6"]
[ECO "B23"]
[Time "21:10:08"]
[TimeControl "2700+45"]

1. e4 c5 2. Nc3 Nc6 3. Bb5 Nd4 4. Bc4 g6 5. Nf3 Bg7 6. O-O d6 7. d3 Bg4 8. Bxf7+
Kd7 9. Ne5+ Bxe5 10. Qxg4+ e6 11. Be3 Nf6 12. Qh3 Nxc2 13. Bxe6+ Kc7 14. Rac1
Nxe3 15. Qxe3 Re8 16. Qh3 Qe7 17. Nd5+ Nxd5 18. Bxd5 Rac8 19. b4 Kb8 20. b5 h5
21. a4 g5 22. f3 Qg7 23. a5 Rh8 24. a6 b6 25. Qe6 Rcf8 26. Kh1 Rh6 27. Qh3 g4
28. Qh4 Bf4 29. Rb1 g3 30. h3 Qe5 31. Rfe1 Bg5 32. f4 Rxf4 33. Qxg3 Rf1+ 34.
Rxf1 Qxg3 35. Rf8+ Kc7 36. Rbf1 Rh7 37. Ra8 Be7 38. Rxa7+ {Game drawn by mutual
agreement} 1/2-1/2

[Event "Team 45 45 League T58"]
[Site "Internet Chess Club"]
[Date "2013.09.15"]
[Round "4"]
[White "Inquisiteur"]
[Black "arhrid"]
[Result "1/2-1/2"]
[WhiteElo "1687"]
[BlackElo "1715"]
[Opening "Scotch gambit"]
[ECO "C44"]
[Time "08:09:57"]
[TimeControl "2700+45"]

1. e4 e5 2. Nf3 Nc6 3. d4 exd4 4. Bc4 Bb4+ 5. c3 dxc3 6. Nxc3 Bxc3+ 7. bxc3 Qe7
8. O-O d6 9. Ba3 Ne5 10. Nxe5 Qxe5 11. Qb3 Qf6 12. f4 Ne7 13. e5 Qg6 14. exd6
cxd6 15. Rae1 Rb8 16. Re2 b5 17. Bxb5+ Bd7 18. Bxd7+ Kxd7 19. Qa4+ Nc6 20. Rd1
Rb1 21. Rd2 Rxd1+ 22. Rxd1 Kc7 23. Bxd6+ Qxd6 24. Rxd6 Kxd6 25. Qa3+ Kd7 26. Qb3
Rf8 27. Qd5+ Kc7 28. c4 h6 29. c5 Rd8 30. Qxf7+ Rd7 31. Qb3 Nd4 32. Qa4 Nc6 33.
g3 Rd4 34. Qc2 Nb4 35. Qg6 Rd7 36. a3 Nc6 37. h4 Nd4 38. Kf2 Nc6 39. h5 Rd2+ 40.
Ke3 Rd7 41. g4 Ne7 42. Qa6 Nc6 43. Qc4 Re7+ 44. Kf3 Rd7 45. Ke4 Re7+ 46. Kf3 Rd7
47. a4 a5 48. Kg3 Rd4 49. Qb3 Nb4 50. Qe6 Nc6 51. g5 hxg5 52. fxg5 Rd3+ 53. Kf2
Rd2+ 54. Ke3 Re2+ 55. Kxe2 Nd4+ 56. Ke3 Nxe6 57. h6 gxh6 58. gxh6 Nf8 59. Kd4
Kc6 60. Kc4 Nh7 61. Kd4 Nf6 62. Kc4 Nh7 63. Kd4 Ng5 64. Kc4 Nh7 {Game drawn by
repetition} 1/2-1/2

[Event "Team 45 45 League T58"]
[Site "Internet Chess Club"]
[Date "2013.09.14"]
[Round "4"]
[White "DeepGreen"]
[Black "koni"]
[Result "1-0"]
[WhiteElo "1913"]
[BlackElo "1910"]
[Opening "Philidor: Improved Hanham variation"]
[ECO "B07"]
[Time "13:01:42"]
[TimeControl "2700+45"]

1. e4 d6 2. d4 Nf6 3. Nc3 e5 4. Nf3 Nbd7 5. Bc4 Be7 6. O-O O-O 7. Re1 c6 8. a4
a5 9. h3 Nb6 10. Ba2 Nfd7 11. Be3 exd4 12. Qxd4 Nc5 13. Rad1 Be6 14. Bxe6 fxe6
15. e5 d5 16. Qg4 Qe8 17. b3 Nbd7 18. Rd4 Rf5 19. Qg3 h5 20. h4 Qf7 21. Bg5 Rf8
22. Nd1 Bxg5 23. Nxg5 Qg6 24. Re2 Rd8 25. f4 b5 26. axb5 cxb5 27. Ne3 Rff8 28.
f5 exf5 29. Nxd5 Rfe8 30. e6 Nxe6 31. Rxe6 Rxe6 32. Nf4 Qf6 33. Ngxe6 a4 34.
Nxh5 {Black resigns} 1-0

[Event "Team 45 45 League T58"]
[Site "Internet Chess Club"]
[Date "2013.09.17"]
[Round "4"]
[White "poni"]
[Black "laurenpar"]
[Result "0-1"]
[WhiteElo "1873"]
[BlackElo "1977"]
[Opening "Réti: King's Indian attack (Barcza system)"]
[ECO "A07"]
[Time "09:31:04"]
[TimeControl "2700+45"]

1. Nf3 d5 2. g3 e6 3. Bg2 Bd6 4. d3 c5 5. O-O Nc6 6. e4 Nge7 7. Nc3 O-O 8. Re1
f6 9. exd5 exd5 10. Nh4 Be5 11. Bd2 Be6 12. h3 Rc8 13. Nf3 Qd7 14. Nxe5 fxe5 15.
f4 Bxh3 16. fxe5 Bxg2 17. Kxg2 Qf5 18. Rf1 Qxe5 19. Qg4 Rxf1 20. Rxf1 Rf8 21.
Rxf8+ Kxf8 22. Bf4 Qf6 23. Qh5 h6 24. Nxd5 Qxb2 25. Bd6 Qxc2+ 26. Kh3 Qxd3 27.
Bxc5 b6 28. Bd6 Qf1+ 29. Kh2 Qf2+ 30. Kh3 Qf1+ 31. Kh2 Qf7 32. Qd1 Kg8 33. Nxe7+
Nxe7 34. Qe2 Nd5 35. Bb8 a5 36. Bd6 Kh8 37. Kg2 Nc3 38. Qe3 Qxa2+ 39. Kh3 Qc4
40. Qxb6 Qe6+ 41. Kh2 Ne4 42. Qb8+ Kh7 43. Bf4 a4 44. Qb4 Qa2+ 45. Kh3 Nf2+ 46.
Kh4 g5+ 47. Bxg5 hxg5+ 48. Kxg5 Qd5+ 49. Kf6 Ne4+ 50. Ke7 Qd6+ 51. Qxd6 Nxd6 52.
Kxd6 a3 {White resigns} 0-1

[Event "Team 45 45 League T58"]
[Site "Internet Chess Club"]
[Date "2013.09.14"]
[Round "4"]
[White "mugurelt"]
[Black "jps7"]
[Result "1-0"]
[WhiteElo "1800"]
[BlackElo "1695"]
[Opening "English opening"]
[ECO "A17"]
[Time "23:40:33"]
[TimeControl "2700+45"]

1. c4 e6 2. Nc3 Nf6 3. g3 d5 4. cxd5 exd5 5. Nf3 a6 6. d4 Bd6 7. Bg2 O-O 8. O-O
c6 9. Ne5 h6 10. e4 dxe4 11. Nxe4 Nxe4 12. Bxe4 Qc7 13. Qh5 Re8 14. f4 f6 15.
Qxe8+ {Black resigns} 1-0

[Event "Team 45 45 League T58"]
[Site "Internet Chess Club"]
[Date "2013.09.12"]
[Round "4"]
[White "misuc56"]
[Black "RD1974"]
[Result "1-0"]
[WhiteElo "1858"]
[BlackElo "1637"]
[Opening "QGD: 3...Nf6"]
[ECO "D35"]
[Time "19:45:57"]
[TimeControl "2700+45"]

1. d4 Nf6 2. c4 e6 3. Nc3 d5 4. e3 Bd6 5. Nf3 O-O 6. c5 Be7 7. Bd2 b6 8. b4 a5
9. a3 axb4 10. axb4 Rxa1 11. Qxa1 c6 12. Be2 b5 13. O-O Qc7 14. h3 Nbd7 15. Bd3
e5 16. dxe5 Nxe5 17. Nxe5 Qxe5 18. Ne2 Qg5 19. f4 Qh4 20. Be1 Qh6 21. Ng3 Bxh3
22. gxh3 Qxh3 23. Bf5 Qh6 24. Kg2 g6 25. Bh3 Nh5 26. Nxh5 Qxh5 27. Rf3 Rd8 28.
Qe5 Qxe5 29. fxe5 d4 30. e4 d3 31. Bd2 Bf8 32. Kg3 Rd4 33. Bf1 Rxe4 34. Rxd3 h5
35. Rd8 Kg7 36. Bg2 Rg4+ 37. Kf2 Be7 38. Rd7 Bh4+ 39. Kf1 Bg3 40. e6 h4 41. exf7
Bf4 42. Bh3 Bxd2 43. Rxd2 Rf4+ 44. Rf2 Rxf2+ 45. Kxf2 Kxf7 46. Bd7 g5 47. Bxc6
g4 48. Bxb5 Ke7 49. Bc4 g3+ 50. Kg2 Kd7 51. b5 Kc7 52. Bd5 Kd7 53. b6 Kc8 54.
Kh3 Kb8 55. Kxh4 Kc8 56. Kxg3 Kd7 57. Kf4 Kc8 58. c6 Kb8 59. Ke5 Kc8 60. Kd6 Kb8
61. c7+ Kc8 62. b7# {Black checkmated} 1-0

[Event "Team 45 45 League T58"]
[Site "Internet Chess Club"]
[Date "2013.09.15"]
[Round "4"]
[White "Mitochondria"]
[Black "WOLFSPELZ"]
[Result "1-0"]
[WhiteElo "1480"]
[BlackElo "1362"]
[Opening "QGD Slav: 4.Nc3"]
[ECO "D15"]
[Time "19:00:24"]
[TimeControl "2700+45"]

1. d4 d5 2. c4 c6 3. Nf3 Nf6 4. Nc3 Bf5 5. Bg5 dxc4 6. a4 e6 7. e3 Be7 8. Bxc4
O-O 9. O-O h6 10. Bxf6 Bxf6 11. Bd3 Bxd3 12. Qxd3 Nd7 13. Rfd1 Qa5 14. Nd2 Qc7
15. Nde4 Be7 16. Rac1 Nf6 17. Nxf6+ Bxf6 18. Ne4 Qe7 19. Qb3 Rab8 20. h3 Rfd8
21. Qc2 g6 22. Qc5 a6 23. b3 Rd5 24. Qxe7 Bxe7 25. Nc3 Rd7 26. Ne2 Rbd8 27. g3
e5 28. Re1 Bb4 29. Rf1 exd4 30. Nxd4 Bf8 31. Nf3 Bg7 32. Kg2 a5 33. Rfe1 Rd3 34.
Rb1 Rc3 35. b4 axb4 36. Rxb4 Rd7 37. Rb6 Ra3 38. Reb1 Rxa4 39. Rxb7 Rxb7 40.
Rxb7 Ra6 41. Rc7 Rb6 42. Nd2 Bf8 43. Ne4 Kg7 44. g4 Rb4 45. Kf3 Rc4 46. Nd2 Rc2
47. Ne4 c5 48. Rc6 Be7 49. Rc7 Bf8 50. h4 Rc1 51. Ng3 Bd6 52. Rc6 Bxg3 53. Kxg3
Rg1+ 54. Kf3 Rc1 55. Ke4 Rc4+ 56. Kf3 h5 57. gxh5 gxh5 58. e4 f6 59. Kf4 Kg6 60.
f3 Kf7 61. Kf5 Rc3 62. f4 Rh3 63. Rxc5 Rxh4 64. Rc7+ Kf8 65. Rc6 Rg4 66. Rxf6+
Kg7 67. Ra6 Rg1 68. Ra7+ Kf8 69. Kf6 Kg8 70. Ra5 h4 71. Rh5 Rh1 72. Kg5 h3 73.
Kg4 h2 74. Kg3 Rg1+ 75. Kxh2 Rg4 76. Rg5+ Rxg5 77. fxg5 Kg7 78. Kg3 Kg6 79. Kg4
Kf7 80. Kf5 Kg7 81. e5 Kf7 82. e6+ Kg7 83. g6 Kf8 84. Kf6 Ke8 85. g7 {Black
resigns} 1-0

[Event "Team 45 45 League T58"]
[Site "Internet Chess Club"]
[Date "2013.09.22"]
[Round "4"]
[White "supermessi"]
[Black "pmxpp"]
[Result "1-0"]
[WhiteElo "1530"]
[BlackElo "1445"]
[Opening "King's Indian: orthodox, Aronin-Taimanov variation (Yugoslav attack / Mar del Plata variation)"]
[ECO "E97"]
[Time "15:09:01"]
[TimeControl "2700+45"]

1. d4 Nf6 2. c4 g6 3. Nc3 Bg7 4. e4 d6 5. Nf3 O-O 6. Be2 e5 7. O-O Nc6 8. d5 Ne7
9. h3 a5 10. Be3 Ne8 11. Nd2 f5 12. f3 Nf6 13. a3 Nh5 14. Kh2 fxe4 15. fxe4 Nf4
16. c5 g5 17. Bg4 Rf6 18. cxd6 cxd6 19. Nc4 Bxg4 20. Qxg4 h5 21. Qg3 Rg6 22. Rg1
Qe8 23. Qf2 Rc8 24. b3 g4 25. Ne2 a4 26. Qf1 axb3 27. Rc1 Nd3 28. Rc3 Rf6 29.
Qd1 Nf4 30. Nxf4 exf4 31. Bd4 g3+ 32. Kh1 Rg6 33. Bxg7 Kxg7 34. Qd4+ Kf8 35.
Rxb3 Rc7 36. Rb6 Nc8 37. Rb4 Qf7 38. Rb3 Qf6 39. Qd3 Qf7 40. Rgb1 Rg7 41. Na5
Qf6 42. Qf1 b6 43. Nc4 Rb7 44. Nxb6 Nxb6 45. Rxb6 Rxb6 46. Rxb6 Qd8 47. Qb1 Kf7
48. Rb7+ Kf6 49. Qb2+ Kg5 50. Qxg7+ Kh4 51. Qe7+ Qxe7 52. Rxe7 f3 53. Kg1 f2+
54. Kf1 Kg5 55. Rf7 h4 56. Rf3 Kg6 57. a4 {Black resigns} 1-0

[Event "Team 45 45 League T58"]
[Site "Internet Chess Club"]
[Date "2013.09.13"]
[Round "4"]
[White "Goldenberg"]
[Black "Ajolote"]
[Result "1-0"]
[WhiteElo "1935"]
[BlackElo "1579"]
[Opening "Sicilian: Alapin's variation (2.c3)"]
[ECO "B22"]
[Time "20:04:45"]
[TimeControl "2700+45"]

1. e4 c5 2. c3 d6 3. d4 cxd4 4. cxd4 Bd7 5. Nf3 e6 6. Nc3 Be7 7. Bd3 Nc6 8. O-O
a6 9. Re1 Rc8 10. d5 Na7 11. Be3 Nb5 12. Nxb5 Bxb5 13. Bxb5+ axb5 14. dxe6 fxe6
15. Qb3 Qd7 16. Rad1 e5 17. Nxe5 Qc7 18. Qf7+ Kd8 19. Qxg7 Qa5 20. Qxh8 Qxa2 21.
Rd5 Kc7 22. Rc1+ Kb8 23. Nd7+ Ka8 24. Rxc8# {Black checkmated} 1-0

[Event "Team 45 45 League T58"]
[Site "Internet Chess Club"]
[Date "2013.09.16"]
[Round "4"]
[White "monkeyshark"]
[Black "ausya"]
[Result "0-1"]
[WhiteElo "1555"]
[BlackElo "1787"]
[Opening "Sicilian: accelerated fianchetto, modern variation"]
[ECO "B34"]
[Time "19:00:42"]
[TimeControl "2700+45"]

1. e4 c5 2. Nf3 g6 3. Nc3 Nc6 4. d4 cxd4 5. Nxd4 Bg7 6. Be3 Nf6 7. Nxc6 bxc6 8.
Bd3 d5 9. exd5 cxd5 10. Bb5+ Bd7 11. Bxd7+ Qxd7 12. O-O O-O 13. Bd4 Rfe8 14. Re1
Rad8 15. Qf3 Nh5 16. Bxg7 Kxg7 17. Rad1 d4 18. Ne2 e5 19. Ng3 Nxg3 20. hxg3 Qa4
21. Qb3 Qxb3 22. axb3 Rc8 23. Re2 Kf6 24. f3 Re6 25. f4 exf4 26. Rxe6+ Kxe6 27.
gxf4 Rxc2 28. Rxd4 Rxb2 29. Re4+ Kf6 30. Ra4 Rxb3 31. Rxa7 Rb4 32. g3 h5 33. Kg2
h4 34. Kh3 hxg3 35. Kxg3 Re4 36. Kg4 Re7 37. Ra6+ Kg7 38. Kg5 Re3 39. Kg4 f5+
40. Kg5 Rg3+ 41. Kh4 Rg4+ 42. Kh3 Rxf4 43. Kg3 Rg4+ 44. Kf3 Kh6 45. Rb6 Kg5 46.
Rc6 Rh4 47. Re6 Rh3+ 48. Kg2 Ra3 49. Rd6 Kh5 50. Rd4 g5 51. Rd5 f4 52. Kf2 Kg4
53. Rd2 Rh3 54. Rd4 Rh2+ 55. Kg1 Kg3 56. Rd3+ f3 57. Rxf3+ Kxf3 58. Kxh2 g4 59.
Kg1 Kg3 60. Kh1 Kf2 61. Kh2 g3+ 62. Kh1 g2+ 63. Kh2 g1=Q+ 64. Kh3 Qg3# {White
checkmated} 0-1

[Event "Team 45 45 League T58"]
[Site "Internet Chess Club"]
[Date "2013.09.13"]
[Round "4"]
[White "Elton2013"]
[Black "Insan996"]
[Result "0-1"]
[WhiteElo "1449"]
[BlackElo "1552"]
[Opening "Caro-Kann: advance variation"]
[ECO "B12"]
[Time "21:06:39"]
[TimeControl "2700+45"]

1. e4 c6 2. d4 d5 3. e5 Bf5 4. Nf3 e6 5. Be2 Ne7 6. O-O Nd7 7. Nc3 a6 8. Bd2 c5
9. Bf4 Nc6 10. dxc5 Bxc5 11. Na4 Be7 12. c4 dxc4 13. Rc1 b5 14. Nc3 O-O 15. b3
cxb3 16. Qxb3 Qb6 17. Rfd1 Rfd8 18. Be3 Qb7 19. a4 b4 20. Bf4 Nc5 21. Qb2 bxc3
22. Qxc3 Rxd1+ 23. Bxd1 Qb4 24. Qe3 Rc8 25. Bg3 Na5 26. Nd4 Bg6 27. h3 Rd8 28.
Nf3 Nab7 29. Bh2 h6 30. Bg3 Rd3 31. Qf4 Qxf4 32. Bxf4 Ra3 33. Rc4 Ra1 34. Rc1
Rxc1 35. Bxc1 Nd3 36. Be3 Bd8 37. Bc2 Nxe5 38. Bxg6 Nxg6 39. Nd4 Bb6 40. Nc6
Bxe3 41. fxe3 a5 42. Kf2 Kf8 43. Kf3 Ne7 44. Na7 Nd5 45. Ke4 Ke7 46. Kd4 Kd6 47.
e4 Nb6 48. e5+ Kd7 49. g4 Nxa4 50. Kc4 Nb6+ 51. Kb5 Kc7 52. Nc6 a4 53. Nd4 a3
54. Nc2 a2 55. Kb4 Kc6 56. Kb3 Kd5 57. Kxa2 Kxe5 58. Kb3 Nc5+ 59. Kc3 Nd5+ 60.
Kd2 Ne4+ 61. Ke2 Kf4 62. Ne1 Kg3 63. Kd3 Nf2+ 64. Ke2 Nxh3 {White resigns} 0-1